Capitals vs Sharks

Created - February 24 2012 at 18:54

Goals
1 2 3 OT1 SO T
Capitals 0 1 1 0 2 3
Sharks 0 2 0 0 1 2
Shots
1 2 3 OT1 SO T
Capitals 8 12 11 1 3 32
Sharks 8 19 13 3 3 43

Period #1

No Goal

Penalties :
Vladimir Sobotka (SJS) for Interference (Minor) at 3:02, Kimmo Timonen (WSH) for Holding Stick (Minor) at 7:53, Trent Hunter (WSH) for Hooking (Minor) at 12:21, Douglas Murray (WSH) for Hooking (Minor) at 18:25

Period #2

1. Sharks , Johan Franzen 25 (Mike Ribeiro, Shane Doan) at 0:29
2. Sharks , Shane Doan 18 (Johnny Boychuk, Mike Ribeiro) at 3:14 (PP)
3. Capitals , Taylor Hall 25 (Ryan McDonagh, Marc Methot) at 6:44

Penalties :
Trent Hunter (WSH) for Hooking (Minor) at 2:44, Ryan Malone (SJS) for Slashing (Minor) at 4:01, Kimmo Timonen (WSH) for Roughing (Minor) at 4:01, David Moss (SJS) for Hooking (Minor) at 7:37, Ryan Malone (SJS) for Roughing (Minor) at 10:08, Mark Stuart (SJS) for Holding (Minor) at 10:23, Steve Eminger (WSH) for Holding (Minor) at 13:28, Tomas Fleischmann (WSH) for Holding (Minor) at 17:52, Shane Doan (SJS) for Hooking (Minor) at 18:10

Period #3

4. Capitals , Ryane Clowe 21 (Willie Mitchell) at 8:50 (PP)

Penalties :
Ryan Malone (SJS) for Goalie Interference (Minor) at 7:59, Tomas Fleischmann (WSH) for Tripping (Minor) at 9:18, Jason Arnott (SJS) for Cross-checking (Minor) at 12:24, Steve Eminger (WSH) for Tripping (Minor) at 15:48

Overtime #1

No Goal

Penalties :
No Penalty

Shootout

Penalty Shot by Alexander Ovechkin for Capitals - Stopped by Brian Elliott
Penalty Shot by Johan Franzen for Sharks - Goal!
Penalty Shot by Alexander Semin for Capitals - Goal!
Penalty Shot by Marc Savard for Sharks - Stopped by Jimmy Howard
Penalty Shot by Ryane Clowe for Capitals - Goal!
Penalty Shot by Alex Tanguay for Sharks - Stopped by Jimmy Howard

Penalties :
No Penalty

Goalie Stats

Jimmy Howard (WSH), 41 saves from 43 shots - (0.953), W, 36-15-3, 65:00 minutes
Brian Elliott (SJS), 30 saves from 32 shots - (0.938), OTL, 14-17-3, 65:00 minutes

Players Stats

Capitals
Player Name              G  A  P  +/- PIM S  H  SB FO    MP 
------------------------------------------------------------
Alexander Ovechkin       0  0  0   0  0   3  3  0  1/2   23 
Alexander Semin          0  0  0   0  0   1  2  1  4/5   22 
Alexei Kovalev           0  0  0   0  0   1  0  0  0/0   10 
David Desharnais         0  0  0   0  0   3  1  0  18/41 23 
Douglas Murray           0  0  0   0  2   1  3  2  0/0   23 
Jeff Halpern             0  0  0   0  0   3  0  0  12/22 19 
Kimmo Timonen            0  0  0   0  4   0  1  4  0/0   19 
Marc Methot              0  1  1   0  0   1  3  1  0/0   17 
Mathieu Perreault        0  0  0   0  0   0  0  0  0/0   0  
Matt Stajan              0  0  0   0  0   1  0  0  14/26 20 
Mike Green               0  0  0   0  0   1  2  3  0/0   22 
Ryan McDonagh            0  1  1   0  0   2  2  0  0/0   14 
Ryane Clowe              1  0  1   0  0   1  0  0  1/2   16 
Steve Eminger            0  0  0   0  4   0  0  0  0/0   6  
Taylor Hall              1  0  1   0  0   9  0  0  0/0   18 
Tomas Fleischmann        0  0  0   0  4   3  0  0  2/3   15 
Trent Hunter             0  0  0   0  4   0  4  0  0/2   13 
Willie Mitchell          0  1  1   0  0   2  0  2  0/0   23 
Sharks
Player Name              G  A  P  +/- PIM S  H  SB FO    MP 
------------------------------------------------------------
Alex Tanguay             0  0  0   0  0   5  0  0  0/1   18 
Andrew Ference           0  0  0   0  0   1  3  1  0/0   25 
Bryan McCabe             0  0  0   0  0   4  1  1  0/0   26 
David Moss               0  0  0   0  2   1  1  0  0/0   12 
Eric Belanger            0  0  0   0  0   2  0  0  8/18  16 
Francois Beauchemin      0  0  0   0  0   0  3  0  0/0   26 
Jason Arnott             0  0  0   0  2   5  0  0  14/28 21 
Johan Franzen            1  0  1   0  0   9  5  0  1/1   22 
Johnny Boychuk           0  1  1   0  0   3  2  1  0/0   25 
Lauri Korpikoski         0  0  0   0  0   1  0  0  1/3   13 
Marc Savard              0  0  0   0  0   1  0  0  5/10  17 
Mark Stuart              0  0  0   0  2   0  3  2  0/0   15 
Matt Niskanen            0  0  0   0  0   1  1  0  0/0   11 
Mike Ribeiro             0  2  2   0  0   1  0  0  18/34 18 
Rene Bourque             0  0  0   0  0   0  0  0  0/0   0  
Ryan Malone              0  0  0   0  6   2  3  0  1/2   11 
Shane Doan               1  1  2   0  2   7  3  1  2/5   18 
Vladimir Sobotka         0  0  0   0  2   0  1  0  1/1   11 

3 Stars

1 - Johan Franzen (SJS)
2 - Jimmy Howard (WSH)
3 - Shane Doan (SJS)

Power Play

Capitals - 1 on 7 Attempt(s) - 14.29%
Sharks - 1 on 8 Attempt(s) - 12.50%

Penalty Kill

Capitals - 7 on 8 Attempt(s) - 87.50% - Score 0 goal in Penalty Kill
Sharks - 6 on 7 Attempt(s) - 85.71% - Score 0 goal in Penalty Kill

Game Notes

No Game Note

Finance

Level 1 -- Attendance: 4839 (74.45%) -- Ticket Income $483,900.00
Level 2 -- Attendance: 3768 (75.36%) -- Ticket Income $226,080.00
Level 3 -- Attendance: 2537 (72.49%) -- Ticket Income $88,795.00
Level 4 -- Attendance: 1496 (100.00%) -- Ticket Income $29,920.00
Luxury Box -- Attendance: 763 (76.30%) -- Ticket Income $152,600.00
Game was played at the HP Pavilion center
Total Attendance: 13403 (76.61%)
Total Ticket Income: $1,008,286.00
Other Income: $218,323.20
Total Income: $1,226,609.00


Play by Play

Period #1

0:01 of 1st period - Mike Ribeiro wins face-off versus Matt Stajan in neutral zone.
0:04 of 1st period - Shot by Shane Doan.
0:04 of 1st period - Shot Misses the Net.
0:20 of 1st period - Shot by Alexander Ovechkin.
0:20 of 1st period - Stopped by Brian Elliott without a rebound.
0:21 of 1st period - David Desharnais wins face-off versus Jason Arnott in Sharks zone.
0:28 of 1st period - Shot by Alexander Semin.
0:28 of 1st period - Shot Misses the Net.
0:30 of 1st period - Shot by Willie Mitchell.
0:30 of 1st period - Stopped by Brian Elliott without a rebound.
0:31 of 1st period - Eric Belanger wins face-off versus Jeff Halpern in Sharks zone.
0:38 of 1st period - Taylor Hall is hit by Ryan Malone and loses puck.
0:55 of 1st period - Shot by Eric Belanger.
0:55 of 1st period - Stopped by Jimmy Howard without a rebound.
0:56 of 1st period - Matt Stajan wins face-off versus Jason Arnott in Capitals zone.
0:56 of 1st period - Matt Stajan is hit by Johan Franzen.
1:21 of 1st period - Alexander Ovechkin is hit by Andrew Ference and loses puck.
1:57 of 1st period - Shot by Tomas Fleischmann.
1:57 of 1st period - Stopped by Brian Elliott without a rebound.
1:58 of 1st period - Mike Ribeiro wins face-off versus Trent Hunter in Sharks zone.
1:58 of 1st period - Marc Savard is hit by Trent Hunter and loses puck.
2:30 of 1st period - Shot by Taylor Hall.
2:30 of 1st period - Shot Misses the Net.
2:32 of 1st period - Shot by Marc Methot.
2:32 of 1st period - Shot Misses the Net.
2:34 of 1st period - Shot by Ryan McDonagh.
2:34 of 1st period - Stopped by Brian Elliott without a rebound.
2:35 of 1st period - Eric Belanger wins face-off versus David Desharnais in Sharks zone.
2:43 of 1st period - Off-side.
2:44 of 1st period - Matt Stajan wins face-off versus Marc Savard in neutral zone.
3:02 of 1st period - Minor Penalty to Vladimir Sobotka for Interference.
3:03 of 1st period - Eric Belanger wins face-off versus David Desharnais in Sharks zone.
3:03 of 1st period - Eric Belanger is hit by Alexander Ovechkin.
3:10 of 1st period - Icing by Alexander Semin.
3:11 of 1st period - Alexander Ovechkin wins face-off versus Mike Ribeiro in Capitals zone.
3:11 of 1st period - Alexander Semin is hit by Shane Doan and loses puck.
3:22 of 1st period - Shot by Mike Green.
3:22 of 1st period - Stopped by Brian Elliott without a rebound.
3:23 of 1st period - Mike Ribeiro wins face-off versus Matt Stajan in Sharks zone.
4:34 of 1st period - Shot by Tomas Fleischmann.
4:34 of 1st period - Stopped by Brian Elliott without a rebound.
4:35 of 1st period - David Desharnais wins face-off versus Eric Belanger in Sharks zone.
5:00 of 1st period - Icing by Mike Green.
5:01 of 1st period - Eric Belanger wins face-off versus David Desharnais in Capitals zone.
5:17 of 1st period - Taylor Hall is hit by Vladimir Sobotka and loses puck.
7:13 of 1st period - Icing by Willie Mitchell.
7:14 of 1st period - Mike Ribeiro wins face-off versus David Desharnais in Capitals zone.
7:53 of 1st period - Minor Penalty to Kimmo Timonen for Holding Stick.
7:54 of 1st period - Jason Arnott wins face-off versus Jeff Halpern in Capitals zone.
8:13 of 1st period - Jeff Halpern is hit by Johan Franzen and loses puck.
8:22 of 1st period - Shot by Bryan McCabe.
8:22 of 1st period - Stopped by Jimmy Howard without a rebound.
8:23 of 1st period - Mike Ribeiro wins face-off versus David Desharnais in Capitals zone.
8:42 of 1st period - Mike Ribeiro is hit by Marc Methot and loses puck.
9:19 of 1st period - Shot by Johan Franzen.
9:19 of 1st period - Shot Misses the Net.
9:59 of 1st period - Shot by Ryan Malone.
9:59 of 1st period - Stopped by Jimmy Howard with a rebound.
10:07 of 1st period - Shot by Ryan Malone.
10:07 of 1st period - Shot Misses the Net.
10:25 of 1st period - Icing by Kimmo Timonen.
10:26 of 1st period - Marc Savard wins face-off versus Matt Stajan in Capitals zone.
11:19 of 1st period - Shot by Taylor Hall.
11:19 of 1st period - Deflect By Jeff Halpern.
11:19 of 1st period - Shot Misses the Net.
11:21 of 1st period - Shot by Taylor Hall.
11:21 of 1st period - Stopped by Brian Elliott without a rebound.
11:22 of 1st period - Eric Belanger wins face-off versus David Desharnais in Sharks zone.
11:32 of 1st period - Icing by Douglas Murray.
11:33 of 1st period - David Desharnais wins face-off versus Jason Arnott in Capitals zone.
11:56 of 1st period - Shot by Johan Franzen.
11:56 of 1st period - Stopped by Jimmy Howard with a rebound.
12:21 of 1st period - Minor Penalty to Trent Hunter for Hooking.
12:22 of 1st period - Mike Ribeiro wins face-off versus Jeff Halpern in Capitals zone.
12:53 of 1st period - Shot by Mike Ribeiro.
12:53 of 1st period - Shot Misses the Net.
12:58 of 1st period - Mike Ribeiro is hit by Douglas Murray and loses puck.
14:06 of 1st period - Willie Mitchell is hit by Shane Doan and loses puck.
14:25 of 1st period - Shot by Vladimir Sobotka.
14:25 of 1st period - Shot Misses the Net.
14:27 of 1st period - Shot by Bryan McCabe.
14:27 of 1st period - Stopped by Jimmy Howard without a rebound.
14:28 of 1st period - Jeff Halpern wins face-off versus Eric Belanger in Capitals zone.
14:52 of 1st period - Icing by Mark Stuart.
14:53 of 1st period - Matt Stajan wins face-off versus Lauri Korpikoski in Sharks zone.
14:53 of 1st period - Matt Stajan is hit by Francois Beauchemin.
15:10 of 1st period - Alexander Ovechkin is hit by Mark Stuart and loses puck.
15:13 of 1st period - Shot by Alexander Ovechkin.
15:13 of 1st period - Shot Misses the Net.
15:15 of 1st period - Shot by Matt Stajan.
15:15 of 1st period - Stopped by Brian Elliott without a rebound.
15:16 of 1st period - Alexander Semin wins face-off versus Marc Savard in Sharks zone.
15:27 of 1st period - Douglas Murray is hit by David Moss and loses puck.
15:31 of 1st period - Icing by Douglas Murray.
15:32 of 1st period - Jason Arnott wins face-off versus David Desharnais in Capitals zone.
16:29 of 1st period - Johan Franzen is hit by Alexander Ovechkin and loses puck.
16:47 of 1st period - Johan Franzen is hit by Alexander Ovechkin and loses puck.
17:10 of 1st period - Matt Niskanen is hit by Trent Hunter and loses puck.
17:40 of 1st period - Shot by David Moss.
17:40 of 1st period - Shot Misses the Net.
17:44 of 1st period - Shot by Vladimir Sobotka.
17:44 of 1st period - Shot Misses the Net.
17:46 of 1st period - Shot by Matt Niskanen.
17:46 of 1st period - Shot Misses the Net.
18:12 of 1st period - Shot by Ryan Malone.
18:12 of 1st period - Shot Misses the Net.
18:14 of 1st period - Shot by Lauri Korpikoski.
18:14 of 1st period - Stopped by Jimmy Howard with a rebound.
18:19 of 1st period - Lauri Korpikoski is hit by Douglas Murray and loses puck.
18:25 of 1st period - Minor Penalty to Douglas Murray for Hooking.
18:26 of 1st period - Mike Ribeiro wins face-off versus Ryane Clowe in Capitals zone.
18:26 of 1st period - Mike Ribeiro is hit by Mike Green.
19:25 of 1st period - Shot by Ryan Malone.
19:25 of 1st period - Stopped by Jimmy Howard without a rebound.
19:26 of 1st period - David Desharnais wins face-off versus Mike Ribeiro in Capitals zone.
19:43 of 1st period - Shot by Shane Doan.
19:43 of 1st period - Stopped by Jimmy Howard without a rebound.
19:44 of 1st period - Jeff Halpern wins face-off versus Mike Ribeiro in Capitals zone.
19:52 of 1st period - Off-side.
19:53 of 1st period - Jeff Halpern wins face-off versus Jason Arnott in neutral zone.

Period #2

0:01 of 2nd period - Mike Ribeiro wins face-off versus Jeff Halpern in neutral zone.
0:25 of 2nd period - Mike Ribeiro is hit by Marc Methot.
0:29 of 2nd period - Shot by Johan Franzen.
0:29 of 2nd period - Goal by Johan Franzen - Capitals : 0 - Sharks : 1.
0:30 of 2nd period - Jason Arnott wins face-off versus David Desharnais in neutral zone.
0:41 of 2nd period - Shot by Alex Tanguay.
0:41 of 2nd period - Stopped by Jimmy Howard without a rebound.
0:42 of 2nd period - Jeff Halpern wins face-off versus Eric Belanger in Capitals zone.
1:00 of 2nd period - Shot by Taylor Hall.
1:00 of 2nd period - Stopped by Brian Elliott without a rebound.
1:01 of 2nd period - Jason Arnott wins face-off versus Matt Stajan in Sharks zone.
1:16 of 2nd period - Shot by Alex Tanguay.
1:16 of 2nd period - Stopped by Jimmy Howard without a rebound.
1:17 of 2nd period - Marc Savard wins face-off versus David Desharnais in Capitals zone.
1:29 of 2nd period - Shot by Vladimir Sobotka.
1:29 of 2nd period - Shot Misses the Net.
1:39 of 2nd period - Johnny Boychuk is hit by Alexander Semin.
1:44 of 2nd period - David Moss is hit by Douglas Murray and loses puck.
2:29 of 2nd period - Alexander Ovechkin is hit by Andrew Ference and loses puck.
2:36 of 2nd period - Shot by Alexander Ovechkin.
2:36 of 2nd period - Stopped by Brian Elliott with a rebound.
2:41 of 2nd period - Icing by Bryan McCabe.
2:42 of 2nd period - Jason Arnott wins face-off versus Jeff Halpern in Sharks zone.
2:44 of 2nd period - Minor Penalty to Trent Hunter for Hooking.
2:45 of 2nd period - Jeff Halpern wins face-off versus Shane Doan in Capitals zone.
3:10 of 2nd period - Shot by Johnny Boychuk.
3:10 of 2nd period - Shot Blocked by Kimmo Timonen.
3:12 of 2nd period - Shot by Johnny Boychuk.
3:12 of 2nd period - Stopped by Jimmy Howard with a rebound.
3:14 of 2nd period - Shot by Shane Doan.
3:14 of 2nd period - Goal by Shane Doan - Capitals : 0 - Sharks : 2.
3:15 of 2nd period - Lauri Korpikoski wins face-off versus Jeff Halpern in neutral zone.
3:28 of 2nd period - Shot by Lauri Korpikoski.
3:28 of 2nd period - Shot Misses the Net.
3:35 of 2nd period - Ryan McDonagh is hit by Mark Stuart and loses puck.
3:45 of 2nd period - Taylor Hall is hit by Francois Beauchemin and loses puck.
4:01 of 2nd period - Minor Penalty to Ryan Malone for Slashing.
4:01 of 2nd period - Minor Penalty to Kimmo Timonen for Roughing.
4:02 of 2nd period - David Desharnais wins face-off versus Jason Arnott in Capitals zone.
4:24 of 2nd period - Shot by Johan Franzen.
4:24 of 2nd period - Shot Blocked by Mike Green.
4:27 of 2nd period - Icing by Mike Green.
4:28 of 2nd period - Mike Ribeiro wins face-off versus David Desharnais in Capitals zone.
4:31 of 2nd period - Shot by Mike Ribeiro.
4:31 of 2nd period - Shot Misses the Net.
4:35 of 2nd period - Shot by Shane Doan.
4:35 of 2nd period - Stopped by Jimmy Howard without a rebound.
4:36 of 2nd period - Jason Arnott wins face-off versus Matt Stajan in Capitals zone.
4:37 of 2nd period - Shot by Johan Franzen.
4:37 of 2nd period - Stopped by Jimmy Howard with a rebound.
4:39 of 2nd period - Shot by Johan Franzen.
4:39 of 2nd period - Shot Misses the Net.
4:43 of 2nd period - Shot by Johan Franzen.
4:43 of 2nd period - Shot Misses the Net.
4:45 of 2nd period - Shot by Johan Franzen.
4:45 of 2nd period - Stopped by Jimmy Howard without a rebound.
4:46 of 2nd period - Matt Stajan wins face-off versus Mike Ribeiro in Capitals zone.
4:57 of 2nd period - Shot by Taylor Hall.
4:57 of 2nd period - Stopped by Brian Elliott without a rebound.
4:58 of 2nd period - Alexander Semin wins face-off versus Jason Arnott in Sharks zone.
5:03 of 2nd period - Shot by Alexander Semin.
5:03 of 2nd period - Shot Misses the Net.
5:28 of 2nd period - Shot by Johan Franzen.
5:28 of 2nd period - Deflect By Jason Arnott.
5:28 of 2nd period - Stopped by Jimmy Howard without a rebound.
5:29 of 2nd period - Matt Stajan wins face-off versus Mike Ribeiro in Capitals zone.
5:40 of 2nd period - Shot by Taylor Hall.
5:40 of 2nd period - Stopped by Brian Elliott without a rebound.
5:41 of 2nd period - Mike Ribeiro wins face-off versus David Desharnais in Sharks zone.
5:52 of 2nd period - Shot by Mike Ribeiro.
5:52 of 2nd period - Shot Blocked by Marc Methot.
5:56 of 2nd period - Shot by Shane Doan.
5:56 of 2nd period - Stopped by Jimmy Howard with a rebound.
5:58 of 2nd period - Shot by Francois Beauchemin.
5:58 of 2nd period - Shot Misses the Net.
6:30 of 2nd period - Shot by Alexander Ovechkin.
6:30 of 2nd period - Stopped by Brian Elliott without a rebound.
6:31 of 2nd period - Jeff Halpern wins face-off versus Jason Arnott in Sharks zone.
6:35 of 2nd period - Taylor Hall is hit by Andrew Ference and loses puck.
6:42 of 2nd period - Shot by Ryan McDonagh.
6:42 of 2nd period - Shot Blocked by Bryan McCabe.
6:44 of 2nd period - Shot by Taylor Hall.
6:44 of 2nd period - Goal by Taylor Hall - Capitals : 1 - Sharks : 2.
6:45 of 2nd period - Jeff Halpern wins face-off versus Ryan Malone in neutral zone.
6:45 of 2nd period - Jeff Halpern is hit by Ryan Malone.
6:54 of 2nd period - Ryan Malone is hit by Ryan McDonagh.
7:03 of 2nd period - Off-side.
7:04 of 2nd period - Matt Stajan wins face-off versus Jason Arnott in neutral zone.
7:04 of 2nd period - Matt Stajan is hit by Johan Franzen.
7:13 of 2nd period - Shot by Johan Franzen.
7:13 of 2nd period - Stopped by Jimmy Howard without a rebound.
7:14 of 2nd period - David Desharnais wins face-off versus Marc Savard in Capitals zone.
7:19 of 2nd period - David Moss is hit by David Desharnais and loses puck.
7:23 of 2nd period - Icing by Johnny Boychuk.
7:24 of 2nd period - Matt Stajan wins face-off versus Marc Savard in Sharks zone.
7:28 of 2nd period - Alexander Ovechkin is hit by Johnny Boychuk.
7:37 of 2nd period - Minor Penalty to David Moss for Hooking.
7:38 of 2nd period - David Desharnais wins face-off versus Eric Belanger in Sharks zone.
8:46 of 2nd period - Alexei Kovalev is hit by Bryan McCabe and loses puck.
8:49 of 2nd period - Shot by Douglas Murray.
8:49 of 2nd period - Stopped by Brian Elliott with a rebound.
8:53 of 2nd period - Shot by Willie Mitchell.
8:53 of 2nd period - Stopped by Brian Elliott without a rebound.
8:54 of 2nd period - Mike Ribeiro wins face-off versus Matt Stajan in Sharks zone.
9:37 of 2nd period - Shot by Alexander Semin.
9:37 of 2nd period - Shot Blocked by Andrew Ference.
10:01 of 2nd period - Shot by Jason Arnott.
10:01 of 2nd period - Stopped by Jimmy Howard without a rebound.
10:02 of 2nd period - Eric Belanger wins face-off versus Alexander Semin in Capitals zone.
10:02 of 2nd period - Francois Beauchemin is hit by Kimmo Timonen and loses puck.
10:08 of 2nd period - Minor Penalty to Ryan Malone for Roughing.
10:09 of 2nd period - Mike Ribeiro wins face-off versus Tomas Fleischmann in Sharks zone.
10:23 of 2nd period - Minor Penalty to Mark Stuart for Holding.
10:24 of 2nd period - David Desharnais wins face-off versus Eric Belanger in Sharks zone.
10:35 of 2nd period - Shot by Tomas Fleischmann.
10:35 of 2nd period - Stopped by Brian Elliott without a rebound.
10:36 of 2nd period - Matt Stajan wins face-off versus Eric Belanger in Sharks zone.
11:44 of 2nd period - Shot by Alexander Semin.
11:44 of 2nd period - Stopped by Brian Elliott without a rebound.
11:45 of 2nd period - David Desharnais wins face-off versus Mike Ribeiro in Sharks zone.
13:28 of 2nd period - Minor Penalty to Steve Eminger for Holding.
13:29 of 2nd period - Jeff Halpern wins face-off versus Jason Arnott in Capitals zone.
13:57 of 2nd period - Shot by Bryan McCabe.
13:57 of 2nd period - Shot Blocked by Douglas Murray.
13:59 of 2nd period - Shot by Jason Arnott.
13:59 of 2nd period - Deflect By Johan Franzen.
13:59 of 2nd period - Shot Misses the Net.
14:01 of 2nd period - Shot by Jason Arnott.
14:01 of 2nd period - Shot Misses the Net.
14:03 of 2nd period - Shot by Alex Tanguay.
14:03 of 2nd period - Stopped by Jimmy Howard with a rebound.
14:05 of 2nd period - Shot by Johan Franzen.
14:05 of 2nd period - Stopped by Jimmy Howard with a rebound.
14:07 of 2nd period - Shot by Alex Tanguay.
14:07 of 2nd period - Deflect By Jason Arnott.
14:07 of 2nd period - Shot Misses the Net.
15:03 of 2nd period - Shot by Alex Tanguay.
15:03 of 2nd period - Shot Misses the Net.
15:09 of 2nd period - Shot by Jason Arnott.
15:09 of 2nd period - Shot Blocked by Willie Mitchell.
15:11 of 2nd period - Shot by Bryan McCabe.
15:11 of 2nd period - Shot Misses the Net.
15:21 of 2nd period - Shot by Jason Arnott.
15:21 of 2nd period - Shot Misses the Net.
15:34 of 2nd period - Icing by Mark Stuart.
15:35 of 2nd period - Jeff Halpern wins face-off versus Eric Belanger in Sharks zone.
15:35 of 2nd period - Taylor Hall is hit by Francois Beauchemin and loses puck.
15:42 of 2nd period - Shot by Jeff Halpern.
15:42 of 2nd period - Stopped by Brian Elliott without a rebound.
15:43 of 2nd period - Matt Stajan wins face-off versus Shane Doan in Sharks zone.
15:53 of 2nd period - Icing by Johnny Boychuk.
15:54 of 2nd period - Shane Doan wins face-off versus Trent Hunter in Sharks zone.
16:09 of 2nd period - Shot by David Moss.
16:09 of 2nd period - Stopped by Jimmy Howard with a rebound.
16:11 of 2nd period - Shot by Shane Doan.
16:11 of 2nd period - Stopped by Jimmy Howard with a rebound.
16:35 of 2nd period - Shot by Eric Belanger.
16:35 of 2nd period - Stopped by Jimmy Howard with a rebound.
16:37 of 2nd period - Shot by Mark Stuart.
16:37 of 2nd period - Shot Misses the Net.
16:51 of 2nd period - Icing by Trent Hunter.
16:52 of 2nd period - Jeff Halpern wins face-off versus Alex Tanguay in Capitals zone.
17:07 of 2nd period - Shot by Bryan McCabe.
17:07 of 2nd period - Shot Blocked by Kimmo Timonen.
17:09 of 2nd period - Shot by Andrew Ference.
17:09 of 2nd period - Shot Blocked by Mike Green.
17:13 of 2nd period - Shot by Jason Arnott.
17:13 of 2nd period - Deflect By Alex Tanguay.
17:13 of 2nd period - Shot Misses the Net.
17:15 of 2nd period - Shot by Alex Tanguay.
17:15 of 2nd period - Stopped by Jimmy Howard with a rebound.
17:19 of 2nd period - Shot by Johan Franzen.
17:19 of 2nd period - Shot Misses the Net.
17:21 of 2nd period - Shot by Jason Arnott.
17:21 of 2nd period - Stopped by Jimmy Howard without a rebound.
17:22 of 2nd period - Tomas Fleischmann wins face-off versus Lauri Korpikoski in Capitals zone.
17:38 of 2nd period - Tomas Fleischmann is hit by Mark Stuart and loses puck.
17:52 of 2nd period - Minor Penalty to Tomas Fleischmann for Holding.
17:53 of 2nd period - Ryane Clowe wins face-off versus Mike Ribeiro in Capitals zone.
17:53 of 2nd period - Ryane Clowe is hit by Shane Doan.
18:00 of 2nd period - Icing by Mike Ribeiro.
18:01 of 2nd period - Alexander Semin wins face-off versus Marc Savard in Sharks zone.
18:10 of 2nd period - Minor Penalty to Shane Doan for Hooking.
18:11 of 2nd period - Jason Arnott wins face-off versus David Desharnais in Sharks zone.
18:13 of 2nd period - Icing by Johan Franzen.
18:14 of 2nd period - Jason Arnott wins face-off versus David Desharnais in Sharks zone.
18:23 of 2nd period - David Desharnais is hit by Johan Franzen and loses puck.
18:44 of 2nd period - Shot by David Desharnais.
18:44 of 2nd period - Stopped by Brian Elliott without a rebound.
18:45 of 2nd period - Matt Stajan wins face-off versus Mike Ribeiro in Sharks zone.
19:46 of 2nd period - Icing by Andrew Ference.
19:47 of 2nd period - Jason Arnott wins face-off versus Alexander Ovechkin in Sharks zone.

Period #3

0:01 of 3rd period - Mike Ribeiro wins face-off versus David Desharnais in neutral zone.
0:11 of 3rd period - Alexander Semin is hit by Matt Niskanen and loses puck.
0:14 of 3rd period - Shot by Taylor Hall.
0:14 of 3rd period - Shot Misses the Net.
0:42 of 3rd period - Shot by Taylor Hall.
0:42 of 3rd period - Stopped by Brian Elliott with a rebound.
0:44 of 3rd period - Shot by Jeff Halpern.
0:44 of 3rd period - Stopped by Brian Elliott without a rebound.
0:45 of 3rd period - Matt Stajan wins face-off versus Jason Arnott in Sharks zone.
1:01 of 3rd period - Bryan McCabe is hit by Mike Green and loses puck.
2:11 of 3rd period - David Desharnais is hit by Ryan Malone and loses puck.
2:18 of 3rd period - Mark Stuart is hit by Alexander Semin and loses puck.
2:53 of 3rd period - Shot by Taylor Hall.
2:53 of 3rd period - Stopped by Brian Elliott without a rebound.
2:54 of 3rd period - Marc Savard wins face-off versus Matt Stajan in Sharks zone.
3:05 of 3rd period - Shot by Vladimir Sobotka.
3:05 of 3rd period - Shot Misses the Net.
3:53 of 3rd period - Shot by Jeff Halpern.
3:53 of 3rd period - Deflect By Taylor Hall.
3:53 of 3rd period - Stopped by Brian Elliott without a rebound.
3:54 of 3rd period - Tomas Fleischmann wins face-off versus Mike Ribeiro in Sharks zone.
4:19 of 3rd period - Shot by Alexander Semin.
4:19 of 3rd period - Shot Blocked by Shane Doan.
4:21 of 3rd period - Shot by Alexander Semin.
4:21 of 3rd period - Shot Misses the Net.
4:23 of 3rd period - Shot by Tomas Fleischmann.
4:23 of 3rd period - Shot Blocked by Johnny Boychuk.
4:27 of 3rd period - Shot by David Desharnais.
4:27 of 3rd period - Stopped by Brian Elliott without a rebound.
4:28 of 3rd period - Jeff Halpern wins face-off versus Jason Arnott in Sharks zone.
4:46 of 3rd period - Alex Tanguay is hit by Trent Hunter and loses puck.
6:07 of 3rd period - Shot by Vladimir Sobotka.
6:07 of 3rd period - Deflect By David Moss.
6:07 of 3rd period - Shot Blocked by Mike Green.
6:11 of 3rd period - Shot by Marc Savard.
6:11 of 3rd period - Stopped by Jimmy Howard without a rebound.
6:12 of 3rd period - Vladimir Sobotka wins face-off versus David Desharnais in Capitals zone.
6:13 of 3rd period - Shot by Shane Doan.
6:13 of 3rd period - Shot Misses the Net.
7:01 of 3rd period - Icing by Andrew Ference.
7:02 of 3rd period - Jason Arnott wins face-off versus Jeff Halpern in Sharks zone.
7:21 of 3rd period - Marc Methot is hit by Johan Franzen and loses puck.
7:28 of 3rd period - Shot by Ryan McDonagh.
7:28 of 3rd period - Stopped by Brian Elliott without a rebound.
7:29 of 3rd period - Matt Stajan wins face-off versus Eric Belanger in Sharks zone.
7:36 of 3rd period - Shot by Alexander Ovechkin.
7:36 of 3rd period - Shot Misses the Net.
7:40 of 3rd period - Shot by Alexander Ovechkin.
7:40 of 3rd period - Shot Blocked by Mark Stuart.
7:59 of 3rd period - Minor Penalty to Ryan Malone for Goalie Interference.
8:00 of 3rd period - Mike Ribeiro wins face-off versus David Desharnais in Sharks zone.
8:06 of 3rd period - Icing by Mike Green.
8:07 of 3rd period - Eric Belanger wins face-off versus David Desharnais in Capitals zone.
8:20 of 3rd period - Icing by Alexander Ovechkin.
8:21 of 3rd period - David Desharnais wins face-off versus Mike Ribeiro in Capitals zone.
8:50 of 3rd period - Shot by Ryane Clowe.
8:50 of 3rd period - Goal by Ryane Clowe - Capitals : 2 - Sharks : 2.
8:51 of 3rd period - Marc Savard wins face-off versus Jeff Halpern in neutral zone.
9:01 of 3rd period - Icing by Marc Methot.
9:02 of 3rd period - Jason Arnott wins face-off versus Jeff Halpern in Capitals zone.
9:09 of 3rd period - Shot by Alex Tanguay.
9:09 of 3rd period - Shot Misses the Net.
9:11 of 3rd period - Shot by Bryan McCabe.
9:11 of 3rd period - Stopped by Jimmy Howard without a rebound.
9:12 of 3rd period - David Desharnais wins face-off versus Eric Belanger in Capitals zone.
9:18 of 3rd period - Minor Penalty to Tomas Fleischmann for Tripping.
9:19 of 3rd period - Johan Franzen wins face-off versus David Desharnais in Capitals zone.
9:26 of 3rd period - Shot by Jason Arnott.
9:26 of 3rd period - Shot Misses the Net.
9:30 of 3rd period - Shot by Bryan McCabe.
9:30 of 3rd period - Shot Misses the Net.
9:32 of 3rd period - Shot by Alex Tanguay.
9:32 of 3rd period - Shot Misses the Net.
9:34 of 3rd period - Shot by Johan Franzen.
9:34 of 3rd period - Shot Misses the Net.
9:36 of 3rd period - Shot by Alex Tanguay.
9:36 of 3rd period - Shot Misses the Net.
9:38 of 3rd period - Shot by Bryan McCabe.
9:38 of 3rd period - Shot Blocked by Willie Mitchell.
9:40 of 3rd period - Shot by Johan Franzen.
9:40 of 3rd period - Shot Blocked by Douglas Murray.
9:42 of 3rd period - Shot by Bryan McCabe.
9:42 of 3rd period - Stopped by Jimmy Howard with a rebound.
9:46 of 3rd period - Shot by Johan Franzen.
9:46 of 3rd period - Stopped by Jimmy Howard without a rebound.
9:47 of 3rd period - Jeff Halpern wins face-off versus Mike Ribeiro in Capitals zone.
11:00 of 3rd period - Shot by Johan Franzen.
11:00 of 3rd period - Stopped by Jimmy Howard with a rebound.
11:02 of 3rd period - Shot by Andrew Ference.
11:02 of 3rd period - Stopped by Jimmy Howard without a rebound.
11:03 of 3rd period - David Desharnais wins face-off versus Jason Arnott in Capitals zone.
11:41 of 3rd period - Ryan Malone is hit by Ryan McDonagh and loses puck.
11:45 of 3rd period - Ryan Malone is hit by Marc Methot and loses puck.
12:15 of 3rd period - Shot by Marc Savard.
12:15 of 3rd period - Shot Misses the Net.
12:17 of 3rd period - Shot by Matt Niskanen.
12:17 of 3rd period - Stopped by Jimmy Howard without a rebound.
12:18 of 3rd period - Matt Stajan wins face-off versus Jason Arnott in Capitals zone.
12:24 of 3rd period - Minor Penalty to Jason Arnott for Cross-checking.
12:25 of 3rd period - Matt Stajan wins face-off versus Eric Belanger in Sharks zone.
12:37 of 3rd period - Off-side.
12:38 of 3rd period - Eric Belanger wins face-off versus David Desharnais in neutral zone.
13:45 of 3rd period - Shot by Ryane Clowe.
13:45 of 3rd period - Deflect By Alexei Kovalev.
13:45 of 3rd period - Stopped by Brian Elliott without a rebound.
13:46 of 3rd period - Mike Ribeiro wins face-off versus Matt Stajan in Sharks zone.
14:52 of 3rd period - Icing by Matt Niskanen.
14:53 of 3rd period - Marc Savard wins face-off versus Matt Stajan in Sharks zone.
15:44 of 3rd period - Icing by Kimmo Timonen.
15:45 of 3rd period - Mike Ribeiro wins face-off versus Matt Stajan in Capitals zone.
15:48 of 3rd period - Shot by Shane Doan.
15:48 of 3rd period - Stopped by Jimmy Howard without a rebound.
15:48 of 3rd period - Minor Penalty to Steve Eminger for Tripping.
15:49 of 3rd period - David Desharnais wins face-off versus Mike Ribeiro in Capitals zone.
16:08 of 3rd period - Shot by Johnny Boychuk.
16:08 of 3rd period - Stopped by Jimmy Howard without a rebound.
16:09 of 3rd period - David Desharnais wins face-off versus Jason Arnott in Capitals zone.
16:59 of 3rd period - Icing by Francois Beauchemin.
17:00 of 3rd period - David Desharnais wins face-off versus Shane Doan in Sharks zone.
17:12 of 3rd period - Icing by Shane Doan.
17:13 of 3rd period - Alexander Semin wins face-off versus Mike Ribeiro in Sharks zone.
17:28 of 3rd period - Icing by Johnny Boychuk.
17:29 of 3rd period - David Desharnais wins face-off versus Mike Ribeiro in Sharks zone.
17:32 of 3rd period - Shot by David Desharnais.
17:32 of 3rd period - Stopped by Brian Elliott without a rebound.
17:33 of 3rd period - Jason Arnott wins face-off versus David Desharnais in Sharks zone.
17:40 of 3rd period - Shot by Johan Franzen.
17:40 of 3rd period - Deflect By Jason Arnott.
17:40 of 3rd period - Stopped by Jimmy Howard without a rebound.
17:41 of 3rd period - Jason Arnott wins face-off versus Jeff Halpern in Capitals zone.
17:44 of 3rd period - Shot by Johan Franzen.
17:44 of 3rd period - Shot Blocked by Kimmo Timonen.
17:46 of 3rd period - Shot by Johan Franzen.
17:46 of 3rd period - Shot Blocked by Kimmo Timonen.
17:48 of 3rd period - Shot by Johan Franzen.
17:48 of 3rd period - Stopped by Jimmy Howard with a rebound.
17:50 of 3rd period - Shot by Alex Tanguay.
17:50 of 3rd period - Stopped by Jimmy Howard with a rebound.
17:54 of 3rd period - Shot by Jason Arnott.
17:54 of 3rd period - Stopped by Jimmy Howard without a rebound.
17:55 of 3rd period - Ryan Malone wins face-off versus David Desharnais in Capitals zone.
17:56 of 3rd period - Shot by Lauri Korpikoski.
17:56 of 3rd period - Shot Blocked by Alexander Semin.
18:24 of 3rd period - Shot by Alexander Semin.
18:24 of 3rd period - Shot Blocked by Mark Stuart.
19:02 of 3rd period - Shot by Jeff Halpern.
19:02 of 3rd period - Stopped by Brian Elliott with a rebound.
19:04 of 3rd period - Shot by Marc Methot.
19:04 of 3rd period - Stopped by Brian Elliott with a rebound.
19:17 of 3rd period - Bryan McCabe is hit by Trent Hunter and loses puck.
19:35 of 3rd period - Alexander Ovechkin is hit by Johnny Boychuk and loses puck.

Overtime #1

0:01 of 1st overtime period - David Desharnais wins face-off versus Mike Ribeiro in neutral zone.
0:03 of 1st overtime period - Off-side.
0:04 of 1st overtime period - Mike Ribeiro wins face-off versus Matt Stajan in neutral zone.
0:30 of 1st overtime period - Shot by Shane Doan.
0:30 of 1st overtime period - Stopped by Jimmy Howard without a rebound.
0:31 of 1st overtime period - Jason Arnott wins face-off versus David Desharnais in Capitals zone.
0:36 of 1st overtime period - Shot by Johan Franzen.
0:36 of 1st overtime period - Deflect By Jason Arnott.
0:36 of 1st overtime period - Shot Misses the Net.
1:38 of 1st overtime period - Shot by Taylor Hall.
1:38 of 1st overtime period - Stopped by Brian Elliott without a rebound.
1:39 of 1st overtime period - Shane Doan wins face-off versus Matt Stajan in Sharks zone.
1:58 of 1st overtime period - Shot by Mike Ribeiro.
1:58 of 1st overtime period - Stopped by Jimmy Howard with a rebound.
2:00 of 1st overtime period - Shot by Johnny Boychuk.
2:00 of 1st overtime period - Stopped by Jimmy Howard without a rebound.
2:01 of 1st overtime period - David Desharnais wins face-off versus Mike Ribeiro in Capitals zone.
4:47 of 1st overtime period - Icing by Francois Beauchemin.
4:48 of 1st overtime period - Mike Ribeiro wins face-off versus David Desharnais in Sharks zone.

ShootOut

ShootOut - Penalty Shot by Alexander Ovechkin for Capitals.
ShootOut - Stopped by Brian Elliott.
ShootOut - Penalty Shot by Johan Franzen for Sharks.
ShootOut - Goal by Johan Franzen.
ShootOut - Penalty Shot by Alexander Semin for Capitals.
ShootOut - Goal by Alexander Semin.
ShootOut - Penalty Shot by Marc Savard for Sharks.
ShootOut - Stopped by Jimmy Howard.
ShootOut - Penalty Shot by Ryane Clowe for Capitals.
ShootOut - Goal by Ryane Clowe.
ShootOut - Penalty Shot by Alex Tanguay for Sharks.
ShootOut - Stopped by Jimmy Howard.


Output by the SimonT Hockey Simulator (STHS) for Stephane Roy -- Original Page W3C XHTML 1.0 Valid